 Dungeon Crawl Stone Soup version 0.29-a0-414-g5075937ec3 (webtiles) character file.

Game seed: 15950917546117117629

58097 olmar the Severer (level 14, -3/148 HPs)
             Began as a Deep Dwarf Fighter on Feb 21, 2022.
             Was a High Priest of Makhleb.
             Slain by a five-headed hydra (8 damage)
             ... on level 1 of the Lair of Beasts on Apr 14, 2023.
             The game lasted 00:45:35 (16342 turns).

olmar the Severer (Deep Dwarf Fighter)             Turns: 16342, Time: 00:45:35

Health: -3/148     AC: 16    Str: 34    XL:     14   Next: 48%
Magic:  0/0        EV:  9    Int: 14    God:    Makhleb [*****.]
Gold:   1819       SH:  6    Dex: 12    Spells: 13/13 levels left

rFire   . . .      SeeInvis .   V - +8 hand axe of the Bruised Olives {vorpal, Will+ Str+4 Int+2}
rCold   . . .      Faith    .   c - +0 buckler
rNeg    + + .      Spirit   .   X - +1 plate armour of the Meadowlark {Int+2}
rPois   .          Reflect  .   d - +0 hat {Will+}
rElec   .          Harm     .   m - +2 cloak
rCorr   +          Rampage  .   (no gloves)
Will    ++++.                   (no boots)
Stlth   ..........              (no amulet)
HPRegen 0.00/turn               p - ring of positive energy
MPRegen 0.07/turn               Q - ring "Siah" {rCorr Str+6}

@: no status effects
A: damage resistance, heal wounds, negative energy resistance 1, sense
surroundings 2, no regeneration, deformed body, robust 1
a: Heal Wounds, Renounce Religion, Minor Destruction, Lesser Servant of Makhleb,
Major Destruction, Greater Servant of Makhleb


You were on level 1 of the Lair of Beasts.
You worshipped Makhleb.
Makhleb was extremely pleased with you.
You visited 4 branches of the dungeon, and saw 20 of its levels.

You collected 2113 gold pieces.
You spent 294 gold pieces at shops.

Inventory:

Hand Weapons
 V - the +8 hand axe of the Bruised Olives (weapon) {vorpal, Will+ Str+4 Int+2}
   (You found it on level 10 of the Dungeon)

   It inflicts extra damage upon your enemies.
   Str:       It affects your strength (+4).
   Int:       It affects your intelligence (+2).
   Will:      It increases your willpower.
 Y - the +1 broad axe of Ligen {spect, rElec rPois rN+ Will+}
   (You found it on level 12 of the Dungeon)

   When its wielder attacks, the weapon's spirit leaps out and strikes again.
   The spirit shares a part of any damage it takes with its wielder.
   rElec:     It insulates you from electricity.
   rPois:     It protects you from poison.
   rN:        It protects you from negative energy.
   Will:      It increases your willpower.
Missiles
 N - 4 throwing nets
Armour
 c - a +0 buckler (worn)
 d - a +0 hat of willpower (worn)
 m - a +2 cloak (worn)
 X - the +1 plate armour of the Meadowlark (worn) {Int+2}
   (You found it on level 12 of the Dungeon)

   Int:       It affects your intelligence (+2).
Jewellery
 a - an amulet of guardian spirit
 h - a ring of resist corrosion
 i - a ring of wizardry
 l - an amulet of faith
 p - a ring of positive energy (left hand)
 r - a +6 ring of dexterity
 v - a +6 ring of intelligence
 C - a ring of magical power
 F - a ring of poison resistance
 M - an amulet of the acrobat
 P - a +6 ring of strength
 Q - the ring "Siah" (right hand) {rCorr Str+6}
   (You found it on level 8 of the Dungeon)

   [ring of strength]

   Str:       It affects your strength (+6).
   rCorr:     It protects you from acid and corrosion.
 T - a ring of ice
 W - a +6 ring of strength
Wands
 b - a wand of flame (12)
 G - a wand of digging (5)
Scrolls
 n - 5 scrolls of fear
 o - 2 scrolls of blinking
 t - 3 scrolls of amnesia
 u - 7 scrolls of teleportation
 w - 3 scrolls of brand weapon
 x - 4 scrolls of vulnerability
 y - 4 scrolls of summoning
 z - 4 scrolls of fog
 A - a scroll of holy word
 B - 3 scrolls of magic mapping
 D - 2 scrolls of immolation
 E - a scroll of silence
 K - 5 scrolls of enchant armour
 L - 2 scrolls of torment
Potions
 e - 2 potions of curing
 f - a potion of flight
 g - 2 potions of invisibility
 j - 2 potions of haste
 k - 2 potions of magic
 q - 2 potions of attraction
 s - a potion of mutation
 H - a potion of cancellation
 I - 2 potions of heal wounds
 O - 4 potions of lignification
 R - 2 potions of brilliance
Miscellaneous
 S - a condenser vane (inert)


   Skills:
 + Level 11.2 Fighting
 + Level 16.5 Axes
 + Level 14.8 Armour
 - Level 2.5 Dodging
 - Level 2.0 Stealth
 + Level 10.2 Shields
 + Level 9.0 Invocations


You had 13 spell levels left.
You didn't know any spells.
Your spell library contained the following spells:

 Spells                   Type           Power      Damage    Failure   Level
 Beastly Appendage        Tmut           0%         N/A       85%         1
 Foxfire                  Conj/Fire      0%         2x1d4     85%         1
 Ensorcelled Hibernation  Hex/Ice        0%         N/A       94%         2
 Passwall                 Tmut/Erth      0%         N/A       94%         2
 Wereblood                Tmut           0%         N/A       94%         2
 Conjure Flame            Conj/Fire      0%         6-21      99%         3
 Dazzling Flash           Conj/Hex       0%         N/A       99%         3
 Gell's Gravitas          Tloc           0%         N/A       99%         3
 Inner Flame              Hex/Fire       0%         N/A       99%         3
 Lesser Beckoning         Tloc           0%         N/A       99%         3
 Spider Form              Tmut/Pois      0%         N/A       99%         3
 Swiftness                Air            0%         N/A       99%         3
 Teleport Other           Tloc           0%         N/A       99%         3
 Anguish                  Hex/Necr       0%         N/A       100%        4
 Cause Fear               Hex            0%         N/A       100%        4
 Flame Wave               Conj/Fire      0%         2d4       100%        4
 Agony                    Necr           0%         N/A       100%        5
 Silence                  Hex/Air        0%         N/A       100%        5
 Dragon Form              Tmut           0%         N/A       100%        7
 Borgnjor's Revivificati  Necr           0%         N/A       100%        8
 Discord                  Hex            0%         N/A       100%        8
 Necromutation            Tmut/Necr      0%         N/A       100%        8
 Chain Lightning          Conj/Air       0%         N/A       100%        9
 Death's Door             Necr           0%         N/A       100%        9
 Dragon's Call            Summ           0%         N/A       100%        9
 Fire Storm               Conj/Fire      0%         5d1       100%        9
 Shatter                  Erth           0%         3d5*      100%        9


Dungeon Overview and Level Annotations

Branches:
Dungeon (14/15)            Temple (1/1) D:6            Lair (3/6) D:8
 Shoals (0/4) Lair:3       Spider (0/4) Lair:3          Orc (2/2) D:9
    Elf (0/3) Orc:2        Vaults (0/5) D:14

Altars:
Ashenzari
Cheibriados
Dithmenos
Elyvilon
Fedhas
Gozag
Hepliaklqana
Kikubaaqudgha
Makhleb
Nemelex Xobeh
Okawaru
Qazlal
Ru
Sif Muna
Trog
Uskayaw
Vehumet
Wu Jian
Xom
Yredelemnul
Zin
The Shining One
Beogh

Shops:
D:5 ?!:(   D:8 (   D:10 ([*!(   D:13 (   Orc:2 =*(*

Portals:
Trove: D:11 (give 14 potions of heal wounds)

Annotations:
D:7 1 runed translucent door, Crazy Yiuf


Innate Abilities, Weirdness & Mutations

You are resistant to damage.
You can heal yourself by infusing magical energy.
You resist negative energy. (rN+)
You passively map the area around you.
You do not regenerate.
Armour fits poorly on your strangely shaped body.
You are robust. (+10% HP)


Message History

Press ? for a list of commands and other information.
The five-headed hydra bites you.
The five-headed hydra barely misses you.
The five-headed hydra closely misses you.
The five-headed hydra bites you.
* * * LOW HITPOINT WARNING * * *
The five-headed hydra bites you!
* * * LOW HITPOINT WARNING * * *
You block the five-headed hydra's attack.
The five-headed hydra bites you.
* * * LOW HITPOINT WARNING * * *
The five-headed hydra bites you.
The five-headed hydra bites you but does no damage. x2
You block the five-headed hydra's attack.
The five-headed hydra bites you.
* * * LOW HITPOINT WARNING * * *
The five-headed hydra bites you but does no damage.
The five-headed hydra bites you.
The five-headed hydra barely misses you.
The five-headed hydra bites you but does no damage. x2
You block the five-headed hydra's attack.
The five-headed hydra closely misses you.
The five-headed hydra barely misses you.
The five-headed hydra bites you but does no damage.
The five-headed hydra bites you!
* * * LOW HITPOINT WARNING * * *
You block the five-headed hydra's attack.
The five-headed hydra bites you!
* * * LOW HITPOINT WARNING * * *
The five-headed hydra bites you but does no damage.
Unknown command.
You block the five-headed hydra's attack.
The five-headed hydra misses you. The five-headed hydra bites you.
The five-headed hydra closely misses you.
The five-headed hydra bites you but does no damage.
Unknown command.
The five-headed hydra bites you. x3; The five-headed hydra bites you!
Bones file is buggy: /crawl-master/crawl-git/saves/bones/bones.store.Lair-1 Clearing bad bones file: /crawl-master/crawl-git/saves/bones/bones.store.Lair-1 You die...

### ##.########
#.........## * #* * **
##.##P###...# * .. , ,
##.#######.####### .. ,
* .......##........###.#
* , * *
#...##.#......#......#*
, *
#...#.......#...@.#..#..
# *#
.................D...$..
* ..###
........#.###..####...##
,, ... .......#...#.#..#
.#.. , ,.
........#...##.## ,...,
* .(........####.## * ..
* * # ##...#####.# #..#
* ,. ###### #.#.# *##
#.## * ...... ##.#.#
#..# ### *, ##.###


You could see a five-headed hydra.

Vanquished Creatures
  Rupert (Lair:3)
  Gastronok (D:10)
  Nessos (D:13)
  A spark wasp (D:14)
  The ghost of HilariousDeathArtist the Fighter, a journeyman DjCA of Ignis (D:12)
  Snorg (Lair:3)
  Fannar (D:10)
  Erolcha (D:13)
  Harold (D:8)
  A hydra (D:12)
  4 centaur warriors
  10 two-headed ogres
  Sonja (Lair:3)
  6 orc high priests (Orc:2)
  Lodul (D:13)
  An orc knight (D:14)
  Pikel (D:6)
  3 manticores
  2 cyclopes
  A black mamba (Lair:2)
  3 merfolk sirens (Lair:3)
  A molten gargoyle (Lair:3)
  A torpor snail (Lair:2)
  3 cane toads
  5 komodo dragons
  2 freezing wraiths (D:14)
  A merfolk (Lair:3)
  A meliai (D:13)
  4 polar bears
  6 trolls
  5 slime creatures (D:13)
  7 blink frogs (Lair:3)
  2 water elementals (D:14)
  3 shadows
  A wraith (D:14)
  A wyvern (D:9)
  40 yaks
  A basilisk (Lair:1)
  12 humans
  3 vampire mosquitoes (D:12)
  Edmund (D:6)
  6 wargs
  An acid dragon (D:10)
  16 orc warriors
  13 water moccasins
  2 sky beasts (D:6)
  2 ogres
  8 centaurs
  2 necrophages (D:4)
  A wolf (D:9)
  2 lemures (D:5)
  A phantom (D:5)
  A kobold brigand (D:8)
  4 bullfrogs
  A wyvern zombie (D:8)
  2 gnoll sergeants
  A scorpion (D:4)
  A wyvern skeleton (D:6)
  7 killer bees
  4 wights (D:6)
  5 howler monkeys
  5 electric eels
  4 centaur zombies
  3 hounds
  28 orc priests
  A scorpion zombie (D:5)
  3 iguanas
  15 orc wizards
  Natasha (thrice) (D:3)
  A killer bee zombie (D:8)
  A centaur simulacrum (D:9)
  Robin (D:2)
  A howler monkey zombie (D:7)
  15 gnolls
  A howler monkey skeleton (D:6)
  5 adders
  3 white imps
  3 ufetubi
  2 adder skeletons (D:4)
  4 worms
  4 dart slugs
  84 orcs
  8 bats
  6 endoplasms
  3 giant cockroaches
  14 goblins
  14 hobgoblins
  16 kobolds
  2 quokkas
  7 ball pythons
  A frilled lizard (D:1)
  3 rats
484 creatures vanquished.

Vanquished Creatures (collateral kills)
  Agnes (D:14)
  The ghost of Efal Ser the Devastator, a journeyman TeCj of Vehumet (D:12)
  2 hydras
  A two-headed ogre (D:14)
  An orc high priest (Orc:2)
  A cyclops (D:14)
  A cane toad (Lair:1)
  4 komodo dragons (Lair:2)
  3 blink frogs (Lair:3)
  A jumping spider (Lair:3)
  2 yaks (Lair:2)
  2 humans (D:14)
  2 water moccasins
  An orc warrior (D:8)
  A kobold brigand (D:7)
  3 killer bees (D:7)
  An orc wizard (D:7)
  A gnoll (D:8)
  2 orcs (D:7)
  A kobold (D:7)
32 creatures vanquished.

Vanquished Creatures (others)
  A human (D:14)
  A steam dragon (D:8)
  An ogre (D:6)
  5 killer bees (D:7)
  An orc priest (D:8)
  An orc wizard (D:9)
  14 fungi
  35 plants
  6 withered plants (D:12)
65 creatures vanquished.

Grand Total: 581 creatures vanquished

Notes
Turn   | Place    | Note
-------+----------+-------------------------------------------
     0 | D:1      | olmar the Deep Dwarf Fighter began the quest for the Orb.
     0 | D:1      | Reached XP level 1. HP: 20/20 MP: 1/1
    23 | D:1      | Reached XP level 2. HP: 27/27 MP: 2/2
   375 | D:1      | Reached XP level 3. HP: 21/34 MP: 3/3
  1178 | D:2      | Reached skill level 3 in Axes
  1321 | D:2      | Noticed Robin
  1347 | D:2      | Killed Robin
  1348 | D:2      | Reached skill level 1 in Stealth
  1348 | D:2      | Reached XP level 4. HP: 42/42 MP: 3/3
  1384 | D:2      | Found a faded altar of an unknown god.
  1907 | D:3      | Reached XP level 5. HP: 47/49 MP: 4/4
  1943 | D:3      | Identified the +3 dagger of Zoam {antimagic, Int+3}
  2004 | D:3      | Reached skill level 4 in Axes
  2023 | D:3      | Noticed Natasha
  2035 | D:3      | Killed Natasha
  2231 | D:3      | Noticed Natasha
  2238 | D:3      | Killed Natasha
  2275 | D:3      | Noticed Natasha
  2282 | D:3      | Killed Natasha
  2283 | D:3      | Reached skill level 1 in Dodging
  2360 | D:4      | Noticed an ogre
  2371 | D:4      | Killed an ogre
  2372 | D:4      | Reached skill level 5 in Axes
  2372 | D:4      | Reached XP level 6. HP: 38/56 MP: 4/4
  2563 | D:4      | Reached skill level 6 in Axes
  2566 | D:4      | Reached XP level 7. HP: 22/62 MP: 5/5
  2610 | D:4      | Reached skill level 5 in Armour
  3183 | D:5      | Entered Level 5 of the Dungeon
  3206 | D:5      | Found Ymnab's Magic Scroll Emporium.
  3228 | D:5      | Bought a scroll of fog for 22 gold pieces
  3228 | D:5      | Bought a scroll of fear for 38 gold pieces
  3228 | D:5      | Bought a scroll of holy word for 82 gold pieces
  3228 | D:5      | Bought a scroll of teleportation for 33 gold pieces
  3228 | D:5      | Bought a scroll of magic mapping for 38 gold pieces
  3261 | D:5      | Reached skill level 7 in Axes
  3262 | D:5      | Found Xun Negg's Distillery.
  3268 | D:5      | Bought a potion of curing for 39 gold pieces
  3297 | D:5      | Found Yfacsucs's Book Boutique.
  3534 | D:5      | Reached XP level 8. HP: 34/72 MP: 6/6
  3580 | D:5      | Found Poasia's Weapon Emporium.
  3818 | D:6      | Noticed Pikel
  4122 | D:6      | Found a staircase to the Ecumenical Temple.
  4135 | Temple   | Entered the Ecumenical Temple
  4257 | Temple   | Became a worshipper of Makhleb the Destroyer
  4398 | D:6      | Noticed Edmund
  4416 | D:6      | Killed Pikel
  4417 | D:6      | Reached skill level 8 in Axes
  4430 | D:6      | Killed Edmund
  4496 | D:6      | Reached skill level 9 in Axes
  4496 | D:6      | Reached skill level 5 in Shields
  4496 | D:6      | Gained mutation: You passively map the area around you.
                  | [Deep Dwarf growth]
  4496 | D:6      | Reached XP level 9. HP: 50/80 MP: 5/5
  4508 | D:6      | Reached skill level 5 in Fighting
  4998 | D:7      | Reached * piety under Makhleb
  5264 | D:7      | Reached skill level 10 in Axes
  5564 | D:7      | Found a runed translucent door.
  5565 | D:7      | Noticed Crazy Yiuf
  5980 | D:8      | Noticed Harold
  5981 | D:8      | Upgraded the game from 0.29-a0-187-ga23d9638d5 to
                  | 0.29-a0-194-g6e3aafee17
  5996 | D:8      | Killed Harold
  5997 | D:8      | Reached skill level 11 in Axes
  5997 | D:8      | Reached XP level 10. HP: 72/91 MP: 4/4
  5998 | D:8      | Reached ** piety under Makhleb
  6062 | D:8      | Found Nekk's Weapon Boutique.
  6168 | D:8      | Found a staircase to the Lair.
  6276 | D:8      | Found a shimmering blue altar of Sif Muna.
  6295 | D:8      | Identified the ring "Siah" {rCorr Str+6}
  6680 | D:9      | Reached skill level 12 in Axes
  6728 | D:9      | Found a staircase to the Orcish Mines.
  6775 | D:9      | Noticed a manticore
  6788 | D:9      | Killed a manticore
  6789 | D:9      | Reached skill level 1 in Invocations
  6806 | D:9      | Noticed a two-headed ogre
  6842 | D:9      | Killed a two-headed ogre
  7145 | D:9      | Noticed a two-headed ogre
  7159 | D:9      | Reached XP level 11. HP: 56/99 MP: 6/6
  7178 | D:9      | Killed a two-headed ogre
  7178 | D:9      | Reached *** piety under Makhleb
  7179 | D:9      | Reached skill level 13 in Axes
  7604 | Lair:1   | Entered Level 1 of the Lair of Beasts
  7790 | Lair:1   | Reached skill level 10 in Armour
  8161 | Lair:1   | Noticed a five-headed hydra
  8214 | D:10     | Entered Level 10 of the Dungeon
  8219 | D:10     | Found Adityur's Antique Weapon Shop.
  8281 | D:10     | You fall into a shaft and drop 1 floor!
  8303 | D:10     | Reached skill level 14 in Axes
  8327 | D:10     | Noticed Gastronok
  8497 | D:10     | Killed Gastronok
  8770 | D:10     | Noticed Fannar
  8777 | D:10     | Killed Fannar
  8830 | D:10     | Found Luthrera's Distillery.
  8842 | D:10     | Reached **** piety under Makhleb
  8843 | D:10     | Reached XP level 12. HP: 70/110 MP: 5/5
  8857 | D:10     | Identified the +8 hand axe of the Bruised Olives {vorpal,
                  | Will+ Str+4 Int+2}
  8867 | D:10     | Bought a potion of lignification for 42 gold pieces
  8877 | D:10     | Found Juvexzeps's Weapon Emporium.
  8974 | D:10     | Found Ruczoepp's General Store.
  9004 | D:10     | Found Harrin's Antique Armour Shop.
  9624 | D:11     | Found a portal to a secret trove of treasure.
 10022 | D:12     | Reached skill level 15 in Axes
 10059 | D:12     | Found a runed translucent gate.
 10060 | D:12     | Found a runed translucent gate.
 10061 | D:12     | Found a runed translucent gate.
 10061 | D:12     | Noticed HilariousDeathArtist's ghost (journeyman DjCA)
 10061 | D:12     | Noticed Efal Ser's ghost (journeyman TeCj)
 10219 | D:12     | Noticed a five-headed hydra
 10225 | D:12     | Killed a six-headed hydra
 10450 | D:12     | Noticed an eight-headed hydra
 10464 | D:12     | Killed an eight-headed hydra
 10579 | D:12     | Killed HilariousDeathArtist's ghost
 10593 | D:12     | Killed Efal Ser's ghost
 10600 | D:12     | Identified the +1 plate armour of the Meadowlark {Int+2}
 10609 | D:12     | Identified the +1 broad axe of Ligen {spect, rElec rPois
                  | rN+ Will+}
 10695 | D:13     | Found Asam's Weapon Emporium.
 10725 | D:13     | Noticed a centaur warrior
 10737 | D:13     | Killed a centaur warrior
 10748 | D:13     | Noticed Nessos
 10776 | D:13     | Killed Nessos
 10777 | D:13     | Reached skill level 5 in Invocations
 10837 | D:13     | Noticed a centaur warrior
 10847 | D:13     | Killed a centaur warrior
 10884 | D:13     | Noticed a two-headed ogre
 10884 | D:13     | Noticed a two-headed ogre
 10885 | D:13     | Noticed a two-headed ogre
 10885 | D:13     | Noticed a two-headed ogre
 10885 | D:13     | Noticed a two-headed ogre
 10887 | D:13     | Noticed Lodul
 10888 | D:13     | Noticed a two-headed ogre
 10890 | D:13     | Killed a two-headed ogre
 10892 | D:13     | Killed a two-headed ogre
 10892 | D:13     | Killed a two-headed ogre
 10893 | D:13     | Reached XP level 13. HP: 67/121 MP: 3/5
 10905 | D:13     | Killed Lodul
 11167 | D:13     | Noticed Erolcha
 11302 | Orc:1    | Entered Level 1 of the Orcish Mines
 11749 | Orc:2    | Entered Level 2 of the Orcish Mines
 11749 | Orc:2    | Found a staircase to the Elven Halls.
 11857 | Orc:2    | Reached ***** piety under Makhleb
 11886 | Orc:2    | Found Ureer's Weapon Emporium.
 11917 | Orc:2    | Found Alenae's General Store.
 12142 | Orc:2    | Reached skill level 10 in Fighting
 12196 | Orc:2    | Found Jobuga Tiwn's Jewellery Emporium.
 12196 | Orc:2    | Found Enwihupiuh's General Store.
 12245 | Orc:2    | Upgraded the game from 0.29-a0-194-g6e3aafee17 to
                  | 0.29-a0-207-gf982a884d8
 12731 | Lair:2   | Reached skill level 16 in Axes
 13502 | Lair:3   | Found a hole to the Spider Nest.
 13534 | Lair:3   | Noticed Snorg
 13543 | Lair:3   | Killed Snorg
 13641 | Lair:3   | Gained mutation: You resist negative energy. (rN+) [Deep
                  | Dwarf growth]
 13641 | Lair:3   | Reached XP level 14. HP: 58/133 MP: 3/3
 13641 | Lair:3   | Found a staircase to the Shoals.
 14129 | Lair:3   | Noticed Rupert
 14355 | Lair:3   | Noticed Sonja
 14363 | Lair:3   | Killed Sonja
 14420 | Lair:3   | Killed Rupert
 14935 | D:13     | Upgraded the game from 0.29-a0-207-gf982a884d8 to
                  | 0.29-a0-214-g17f627cfee
 14938 | D:14     | Found a gate to the Vaults.
 14940 | D:14     | Noticed Agnes
 15081 | D:13     | Killed Erolcha
 15333 | D:14     | Reached skill level 10 in Shields
 15433 | D:14     | Killed Agnes
 15858 | D:14     | HP: 5/135 [spark wasp (14)]
 16097 | D:14     | Gained mutation: Armour fits poorly on your strangely
                  | shaped body. [potion of mutation]
 16097 | D:14     | Gained mutation: You are robust. (+10% HP) [potion of
                  | mutation]
 16334 | Lair:1   | Upgraded the game from 0.29-a0-214-g17f627cfee to
                  | 0.29-a0-233-g1125b37a9b
 16334 | Lair:1   | Upgraded the game from 0.29-a0-233-g1125b37a9b to
                  | 0.29-a0-371-g91724d5b39
 16334 | Lair:1   | Upgraded the game from 0.29-a0-371-g91724d5b39 to
                  | 0.29-a0-414-g5075937ec3
 16340 | Lair:1   | HP: 5/148 [five-headed hydra (8)]
 16342 | Lair:1   | Slain by a five-headed hydra

Illustrated notes

Levels and vault maps discovered:
D:1:      dpeg_arrival_ternary, layout_loops_corners, kennysheep_boxes
D:2:      layout_basic, basic_ecumenical_altar, amethyst_killhole,
          serial_bayou_pond_c, minmay_misc_feat_columns, uniq_robin
D:3:      layout_basic, serial_corexii_hall, corexii_hall_statues_deadend,
          chequers_hall_statues_wall_a, uniq_natasha
D:4:      wad_river_or_something, layout_cave_pools, minivault_14,
          cheibrodos_gnoll_hut
D:5:      layout_loops_ring, serial_shops, shop, nicolae_shop_waterfront, shop,
          shop_statue
D:6:      layout_rooms, minmay_temple_entry_glass, nicolae_grassy_gnolls,
          uniq_pikel, uniq_edmund
D:7:      layout_rooms, minmay_misc_feat_x, uniq_crazy_yiuf_cottage
D:8:      layout_basic, mainiacjoe_overflow_brackets, david_lair_shrubbed,
          serial_shops, kennysheep_mini, uniq_harold
D:9:      layout_basic, david_orc_3, serial_ice, serial_ice_g, serial_ice_b,
          serial_ice_k, serial_ice_f, st_stairs_12
D:10:     layout_basic, serial_shops, nicolae_shop_crystal,
          nicolae_diamond_shop, shop, nicolae_shop_trees,
          nicolae_lakefront_shop, uniq_gastronok, uniq_fannar
D:11:     layout_stronghold, enter_trove_0
D:12:     layout_basic, gammafunk_ghost_cemetery
D:13:     layout_basic, serial_shops, shop, minivault_20, uniq_erolcha,
          uniq_nessos, uniq_lodul
D:14:     kennysheep_ambush_hall, layout_loops_ring, david_vaults_3,
          chequers_big_river, uniq_agnes
Temple:   minmay_crystal_snake_temple
Lair:1:   layout_loops_ring
Lair:2:   layout_roguey, beast_lair_carwin_5
Lair:3:   cheibrodos_magma_flow, layout_layer_cave, elwin_shoals_entry_stream,
          spider_nest_entry_rubble, uniq_rupert, uniq_sonja, uniq_snorg
Orc:1:    layout_caves
Orc:2:    st_orc_town, layout_caves

Skill      XL: |  1  2  3  4  5  6  7  8  9 10 11 12 13 14 |
---------------+-------------------------------------------+-----
Fighting       | 3 4 5 6 8 9 10 11 | 11.2
Armour         | 4 5 7 8 9 10 12 14 | 14.8
Axes           | 3 5 6 7 9 11 12 14 15 16 | 16.5
Stealth        | 1 2 |  2.0
Dodging        | 1 2 |  2.5
Shields        | 4 5 6 7 8 9 10 | 10.2
Invocations    | 3 5 7 9 |  9.0

Action                   |  1- 3 |  4- 6 |  7- 9 | 10-12 | 13-15 || total
-------------------------+-------+-------+-------+-------+-------++-------
Melee: War axe           |   116 |   126 |   348 |   423 |       ||  1013
       Hand axe          |       |       |       |   194 |   514 ||   708
Invok: Minor Destruction |       |       |       |    14 |    13 ||    27
       Lesser Servant of |       |       |       |     8 |    17 ||    25
 Abil: Heal Wounds       |     1 |     4 |    12 |    18 |    28 ||    63
Evoke: Wand              |       |       |    24 |    35 |    49 ||   108
       Condenser vane    |       |       |       |     1 |     2 ||     3
  Use: Potion            |       |     2 |     3 |     4 |     5 ||    14
       Scroll            |       |       |     6 |    10 |     2 ||    18
 Stab: Invisible         |       |       |     4 |       |       ||     4
       Distracted        |       |       |       |       |     6 ||     6
       Paralysed         |       |       |       |       |     3 ||     3
Armor: Scale mail        |    61 |    64 |   147 |       |       ||   272
       Chain mail        |       |       |    43 |   288 |       ||   331
       Plate armour      |       |       |       |    39 |   196 ||   235
Dodge: Dodged            |    48 |    58 |   216 |   242 |   132 ||   696
Block: Buckler           |    31 |    18 |   119 |   194 |   105 ||   467

Table legend: (Time is in decaauts)
 A = Elapsed time spent in this place.
 B = Non-inter-level travel time spent in this place.
 C = Inter-level travel time spent in this place.
 D = Time resting spent in this place.
 E = Time spent auto-exploring this place.
 F = Levels seen in this place.
 G = Mean time per level.
                   A        B        C        D        E       F      G
               +--------+--------+--------+--------+--------+-----+--------+
         Total |  16226 |  14617 |   1609 |   1391 |   9560 |  20 |  811.3 |
       Dungeon |  12271 |  10946 |   1325 |   1080 |   7190 |  14 |  876.5 |
        Temple |    202 |    124 |     78 |      0 |    111 |   1 |  202.0 |
          Lair |   2854 |   2688 |    166 |    308 |   1718 |   3 |  951.3 |
  Orcish Mines |    897 |    858 |     39 |      2 |    541 |   2 |  448.5 |
               +--------+--------+--------+--------+--------+-----+--------+

Top non-repeatable levels by time:
  Lair:3: 1381 daAuts
    D:10: 1216 daAuts
     D:9: 1016 daAuts
     D:1: 1000 daAuts
     D:7: 996 daAuts
     D:8: 942 daAuts
    D:14: 922 daAuts
     D:4: 861 daAuts
    D:12: 828 daAuts
    D:11: 823 daAuts
     D:2: 808 daAuts
     D:5: 781 daAuts
    D:13: 772 daAuts
  Lair:2: 758 daAuts
  Lair:1: 714 daAuts
